 Dungeon Crawl Stone Soup version 0.30-a0-778-g2ef04afb54 (webtiles) character file.

Game seed: 13088410478563153330

29 nidavellir the Slasher (level 3, -1/29 HPs)
             Began as a Human Berserker on Feb 16, 2023.
             Was a Follower of Trog.
             Killed by nerve-wracking pain
             ... invoked by Jessica
              (13 damage)
             ... on level 2 of the Dungeon.
             The game lasted 00:06:13 (612 turns).

nidavellir the Slasher (Human Berserker)             Turns: 612, Time: 00:06:13

Health: -1/29      AC:  6    Str: 19    XL:     3   Next: 32%
Magic:  3/3        EV: 11    Int:  7    God:    Trog [*.....]
Gold:   47         SH:  0    Dex: 12    Spells: 2/2 levels left

rFire   . . .      SeeInvis .    k - +0 long sword
rCold   . . .      Faith    .    (no shield)
rNeg    . . .      Spirit   .    j - +1 ring mail
rPois   .          Reflect  .    (no helmet)
rElec   .          Harm     .    (no cloak)
rCorr   .          Rampage  .    (no gloves)
Will    .....                    (no boots)
Stlth   +                        (no amulet)
HPRegen 0.24/turn                (no ring)
MPRegen 0.08/turn                (no ring)

@: slowed, very slow
A: no striking features
a: Renounce Religion, Berserk


You were on level 2 of the Dungeon.
You worshipped Trog.
Trog was aware of your devotion.
You visited 1 branch of the dungeon, and saw 2 of its levels.

You collected 47 gold pieces.

Inventory:

Hand Weapons
 a - a +0 falchion
 e - a +0 short sword
 h - a +0 dagger
 k - a +0 long sword (weapon)
Missiles
 i - 2 curare-tipped darts (quivered)
Armour
 b - a +1 animal skin
 f - a +0 robe
 j - a +1 ring mail (worn)
 n - a +0 cloak
Scrolls
 g - a scroll of immolation {unknown}
 l - a scroll of enchant armour
 m - a scroll of identify {unknown}
Potions
 d - a potion of attraction {unknown}


   Skills:
 + Level 3.2 Fighting
 + Level 3.8 Long Blades
 + Level 2.0 Armour
 + Level 2.1 Dodging
 + Level 0.2 Stealth


You had 2 spell levels left.
You didn't know any spells.
Your spell library contained the following spells:

 Spells                   Type           Power      Damage    Failure   Level
 Ensorcelled Hibernation  Hex/Ice        0%         N/A       77%         2
 Passwall                 Tmut/Erth      0%         N/A       77%         2
 Swiftness                Air            0%         N/A       94%         3


Dungeon Overview and Level Annotations

Branches:
Dungeon (2/15)

Altars:

Annotations:
D:2 Jessica


Message History

The bat is moderately wounded.
The bat barely misses you.
You hit the bat.
You kill the bat!
Trog accepts your kill.
Jessica points at you and mumbles some strange words.
You resist with some effort.
You see here a bat corpse.
Jessica casts a spell.
Jessica blinks!
Jessica attacks as you move away! Jessica barely misses you.
You barely miss Jessica. Jessica hits you but does no damage.
You closely miss Jessica. Jessica hits you with a +0 dagger.
You completely miss Jessica. Jessica hits you with a +0 dagger.
You barely miss Jessica.
Jessica looks very angry.
Jessica casts a spell at you.
You feel yourself slow down.
You hit Jessica.
Jessica is heavily wounded.
Jessica misses you. Jessica hits you but does no damage.
You closely miss Jessica.
Jessica is heavily wounded.
Jessica closely misses you.
Jessica points at you and mumbles some strange words.
Pain shoots through your body!
You barely miss Jessica.
Jessica is heavily wounded.
Jessica gestures at you while chanting. Pain shoots through your body!
* * * LOW HITPOINT WARNING * * *
Jessica hits you with a +0 dagger.
* * * LOW HITPOINT WARNING * * *
You feel better. Jessica hits you but does no damage.
You closely miss Jessica.
Jessica is heavily wounded.
Jessica closely misses you. Jessica gestures at you while chanting.
Pain shoots through your body!
You die...

#.#####....
####....:..#.#
...$....#....
#......#....
#...........
#.....§..... ### #
#..†........ #..
#.##@##...#####
#.# #..)@.....#
#.# ####.######
#.#
#.##############.#
#.#..........(##<#
#.#.###.#.###.##.#
#.#.##.†...##.##.#
#..>....#....†...#
###.###.#.###.####
#...........#


You could see Jessica.

Vanquished Creatures
  An adder (D:2)
  2 dart slugs
  An endoplasm (D:1)
  2 giant cockroaches (D:1)
  A goblin (D:2)
  2 bats
  2 frilled lizards (D:1)
  9 rats (D:1)
20 creatures vanquished.

Vanquished Creatures (others)
  A demonic plant (D:1)
  A fungus (D:1)
  A withered plant (D:1)
3 creatures vanquished.

Grand Total: 23 creatures vanquished

Notes
Turn   | Place    | Note
-------+----------+-------------------------------------------
     0 | D:1      | nidavellir the Human Berserker began the quest for the Orb.
     0 | D:1      | Reached XP level 1. HP: 18/18 MP: 1/1
    82 | D:1      | Found a faded altar of an unknown god.
   205 | D:1      | Reached XP level 2. HP: 21/24 MP: 2/2
   564 | D:2      | Reached XP level 3. HP: 29/29 MP: 3/3
   595 | D:2      | Noticed Jessica
   612 | D:2      | Killed from afar by Jessica

Illustrated notes

Levels and vault maps discovered:
D:1:      mrwooster_arrival_statue_3, layout_basic,
          shapermc_ecumenical_altar_gd, dreamdust_mushroom_princess,
          minmay_rat_gold_closets
D:2:      layout_loops_cross, serial_undead, serial_undead_b, serial_undead_c,
          serial_undead_c, serial_undead_d, uniq_jessica, uniq_robin

Action                     || total
---------------------------++-------
  Melee: Falchion          ||    45
         Long sword        ||    27
    Use: Potion            ||     2
         Scroll            ||     3
   Stab: Sleeping          ||     2
 Armour: Animal skin       ||     6
         Ring mail         ||    10
  Dodge: Dodged            ||    46

Table legend: (Time is in decaauts)
 A = Elapsed time spent in this place.
 B = Non-inter-level travel time spent in this place.
 C = Inter-level travel time spent in this place.
 D = Time resting spent in this place.
 E = Time spent auto-exploring this place.
 F = Levels seen in this place.
 G = Mean time per level.
                   A        B        C        D        E       F      G
               +--------+--------+--------+--------+--------+-----+--------+
         Total |    625 |    625 |      0 |      0 |      0 |   2 |  312.5 |
       Dungeon |    625 |    625 |      0 |      0 |      0 |   2 |  312.5 |
               +--------+--------+--------+--------+--------+-----+--------+

Top non-repeatable levels by time:
     D:1: 545 daAuts
     D:2: 79 daAuts
